 Dungeon Crawl Stone Soup version 0.24-a0-769-g368c1644f8 (webtiles) character file.

Game seed: 15617733371100276906, levelgen mode: deterministic

645 Masnef the Cudgeler (level 7, -5/42 HPs)
             Began as a Kobold Fighter on Oct 4, 2019.
             Slain by an ogre
             ... wielding a +0 giant club
              (18 damage)
             ... on level 5 of the Dungeon.
             The game lasted 00:08:41 (4990 turns).

Masnef the Cudgeler (Kobold Fighter)                Turns: 4990, Time: 00:08:42

Health: -5/42      AC:  6    Str: 16    XL:     7   Next: 82%
Magic:  8/8        EV: 15    Int:  9    God:
Gold:   307        SH: 12    Dex: 23    Spells: 6/6 levels left

rFire    . . .     SeeInvis .   a - +1 flail
rCold    . . .     Gourm    .   c - +0 shield
rNeg     . . .     Faith    .   b - +0 scale mail
rPois    .         Spirit   .   j - +0 helmet
rElec    .         Reflect  +   (no cloak)
rCorr    .         Harm     .   r - +0 pair of gloves
MR       .....                  (no boots)
Stlth    ++........             o - +2 amulet of reflection
HPRegen  0.14/turn              (no ring)
MPRegen  0.11/turn              (no ring)

@: agile
A: small, talons 1, agile 2, carnivore, deformed body
a: no special abilities


You were on level 5 of the Dungeon.
You were not hungry.

You visited 1 branch of the dungeon, and saw 5 of its levels.

You collected 307 gold pieces.

Inventory:

Hand Weapons
 a - a +1 flail (weapon)
Armour
 b - a +0 scale mail (worn)
 c - a +0 shield (worn)
 j - a +0 helmet (worn)
 p - the +1 robe "Pockumeu" {+Inv rC+ Slay+5, unknown}
   (You found it on level 4 of the Dungeon)

   It affects your accuracy and damage with ranged weapons and melee attacks
   (+5).
   It protects you from cold.
   It lets you turn invisible.
 r - a +0 pair of gloves (worn)
Jewellery
 o - a +2 amulet of reflection (around neck)
Wands
 i - a wand of paralysis (1)
 q - a wand of random effects (16)
Scrolls
 e - 4 scrolls of remove curse
 g - 2 scrolls of fear
 h - a scroll of identify
 n - 2 scrolls of teleportation
Potions
 k - a potion of degeneration
 m - a potion of flight
Comestibles
 f - 6 rations
 s - a chunk of flesh


   Skills:
 * Level 3.7 Fighting
 + Level 6.4 Maces & Flails
 * Level 3.2 Armour
 * Level 1.5 Dodging
 * Level 2.8 Shields
 * Level 1.5 Evocations


You had 6 spell levels left.
You didn't know any spells.
Your spell library was empty.

Dungeon Overview and Level Annotations

Branches:
Dungeon (5/15)
 Temple: D:4-7

Altars:
Dithmenos
Elyvilon

Shops:
D:5 %


Innate Abilities, Weirdness & Mutations

You are small and have problems with some larger weapons.
You are carnivorous and can eat meat at any time.
You have sharp toenails.
You are very agile. (Dex +4)
Armour fits poorly on your strangely shaped body.


Message History

You destroy the hound skeleton!
The ogre shouts!
The adder skeleton bites you but does no damage.
You closely miss the adder skeleton.
You block the adder skeleton's attack. x2
You sock the adder skeleton! You claw the adder skeleton.
You destroy the adder skeleton!
The ogre hits you with a +0 giant club!
You are too injured to fight recklessly!
You are too injured to fight recklessly!
You barely miss the ogre. You claw the ogre.
The ogre is lightly wounded.
You hit the ogre.
The ogre is moderately wounded.
The ogre barely misses you.
You feel agile all of a sudden. The ogre hits you with a +0 giant club!
* * * LOW HITPOINT WARNING * * *
You feel better.
The ogre hits you with a +0 giant club!!
You die...

## # ######### ... #.
#.......##....
#.#.###.............
#.#..........O......
#.###.......@.......
#.###...........###.
#..........#......#
#.....#....#........
#...................
##......∩...........
#.........#..............
#...........##............
####.......######.............


You could see an ogre.

Vanquished Creatures
  A sky beast (D:5)
  A scorpion (D:4)
  A hound (D:5)
  A centaur skeleton (D:5)
  An orc priest (D:4)
  An iguana (D:5)
  3 orc wizards
  Natasha (thrice) (D:4)
  A worker ant (D:4)
  3 hound skeletons
  5 adders
  A shadow imp (D:5)
  An adder skeleton (D:5)
  2 worms (D:2)
  3 dart slugs
  5 leopard geckos
  8 orcs
  9 bats
  8 giant cockroaches
  4 goblins
  5 hobgoblins
  2 jackals (D:4)
  2 quokkas (D:4)
  5 frilled lizards
  8 kobolds
  3 rats (D:1)
87 creatures vanquished.

Vanquished Creatures (others)
  An orc wizard (D:4)
1 creature vanquished.

Grand Total: 88 creatures vanquished

Notes
Turn   | Place    | Note
-------+----------+-------------------------------------------
     0 | D:1      | Masnef the Kobold Fighter began the quest for the Orb.
     0 | D:1      | Reached XP level 1. HP: 14/14 MP: 1/1
    25 | D:1      | Reached skill level 2 in Maces & Flails
   113 | D:1      | Reached XP level 2. HP: 19/19 MP: 2/2
   379 | D:1      | Reached skill level 3 in Maces & Flails
   379 | D:1      | Reached XP level 3. HP: 22/23 MP: 3/3
  1025 | D:2      | Reached XP level 4. HP: 24/28 MP: 4/4
  1529 | D:3      | Reached skill level 4 in Maces & Flails
  1614 | D:3      | Reached XP level 5. HP: 12/32 MP: 5/5
  2334 | D:4      | Reached skill level 5 in Maces & Flails
  2595 | D:4      | Noticed Natasha
  2601 | D:4      | Killed Natasha
  2601 | D:4      | Reached XP level 6. HP: 33/37 MP: 6/6
  2618 | D:4      | Got a transparent robe
  2760 | D:4      | Found a white marble altar of Elyvilon.
  2760 | D:4      | Found a shadowy altar of Dithmenos.
  2803 | D:4      | Noticed Natasha
  2812 | D:4      | Killed Natasha
  2814 | D:4      | Noticed Natasha
  2820 | D:4      | Killed Natasha
  2896 | D:4      | Reached skill level 6 in Maces & Flails
  3596 | D:4      | Found a white marble altar of Elyvilon.
  3596 | D:4      | Found a shadowy altar of Dithmenos.
  3868 | D:4      | Reached XP level 7. HP: 32/41 MP: 7/7
  3882 | D:4      | Gained mutation: You have sharp toenails. [potion of
                  | mutation]
  3882 | D:4      | Gained mutation: Armour fits poorly on your strangely
                  | shaped body. [potion of mutation]
  3882 | D:4      | Gained mutation: You are agile. (Dex +2) [potion of
                  | mutation]
  3882 | D:4      | Gained mutation: You are very agile. (Dex +4) [potion of
                  | mutation]
  3883 | D:4      | HP: 1/41 [orc priest/divine providence (13)]
  4665 | D:5      | Entered Level 5 of the Dungeon
  4775 | D:5      | Reached skill level 1 in Dodging
  4834 | D:5      | Reached skill level 1 in Evocations
  4965 | D:5      | Found Mankey's Food Shop.
  4990 | D:5      | Slain by an ogre

Levels and vault maps discovered:
D:1:      lightli_arrival_boilingwater, layout_loops_ring
D:2:      layout_basic
D:3:      layout_loops_corners, minmay_quadrilaterals
D:4:      layout_cave_pods, gammafunk_temple_overflow_wave, uniq_natasha
D:5:      minmay_polygon_palace, layout_basic,
          minmay_temple_entry_enclosed_plants,
          lightli_ossuary_entry_decrepit_ruins, first_ration, serial_shops, shop

Skill      XL: |  1  2  3  4  5  6  7 |
---------------+----------------------+-----
Maces & Flails | 2 3 4 5 6 |  6.4
Dodging        | 1 |  1.5
Evocations     | 1 |  1.5
Armour         | 3 |  3.2
Fighting       | |  3.7
Shields        | |  2.8

Action                   |  1- 3 |  4- 6 |  7- 9 || total
-------------------------+-------+-------+-------++-------
Melee: Flail             |   103 |   183 |    59 ||   345
       Kick              |       |       |    19 ||    19
Evoke: Wand              |       |     3 |     1 ||     4
  Use: Scroll            |     5 |       |       ||     5
       Potion            |       |     2 |     6 ||     8
  Eat: Chunk             |     4 |     9 |     4 ||    17
Armor: Scale mail        |    43 |    71 |    13 ||   127
Dodge: Dodged            |    37 |    72 |    19 ||   128
Block: Shield            |    50 |    79 |    27 ||   156

Table legend:
 A = Non-vault XP
 B = Vault XP
 C = Vault XP percentage of total XP
 D = Non-vault monster count
 E = Vault monster count
 F = Vault count percentage of total count
                 A         B        C        D         E       F
            +---------+---------+-------+---------+---------+-------
      Total |     881 |      41 |   4.4 |      82 |       6 |   6.8
            +---------+---------+-------+---------+---------+-------
        D:1 |      34 |       0 |   0.0 |      21 |       0 |   0.0
        D:2 |      49 |       0 |   0.0 |      10 |       0 |   0.0
        D:3 |      72 |       6 |   7.7 |      13 |       5 |  27.8
        D:4 |     401 |      35 |   8.0 |      27 |       1 |   3.6
        D:5 |     325 |       0 |   0.0 |      11 |       0 |   0.0
            +---------+---------+-------+---------+---------+-------
